General information
- name: BNet
- type: Ladder team game (AT/RT)
- host: Battle.net
- saver: 1st.Legion
map: DragonFalls
- players: 8
- length: 05:37
- speed: Fast
- version: 1.26 W3XP
- replay type: Public
» download(32 KB)
Players
team 1 (winner)

»
AnsO (
teal | 56 APM | 316 actions | 05:36)
2 Mountain King
1 Storm Bolt
1 Bash
» actions
| Build / train | 20 | |
| Enter build submenu | 11 | |
| Enter hero's abilities submenu | 2 | |
| Right click | 193 | |
| Select / deselect | 70 | |
| Use ability | 20 | |
316 total
» units
» buildings
| Lumber Mill | 1 | |
| Farm | 6 | |
| Altar of Kings | 1 | |
| Barracks | 1 | |
| Arcane Vault | 1 | |
| Town Hall | 1 | |
11 total
» build order
00:09 Lumber Mill
00:28 Farm
00:36 Altar of Kings
01:07 Farm
01:29 Barracks
01:45 Arcane Vault
01:52 Farm
02:39 Farm
02:50 Farm
03:39 Farm
05:09 Town Hall
» items
| Scroll of Regeneration | 1 | |
| Lesser Clarity Potion | 1 | |
2 total

»
Gen.Maximus (
yellow | 21 APM | 119 actions | 05:36)
2 Blademaster
1 Wind Walk
1 Mirror Image
» actions
| Build / train | 15 | |
| Enter build submenu | 8 | |
| Enter hero's abilities submenu | 2 | |
| Right click | 35 | |
| Select / deselect | 50 | |
| Use ability | 9 | |
119 total
» units
| Peon | 5 | |
| Grunt | 3 | |
| Troll Headhunter/Berserker | 2 | |
10 total
» upgrades
» buildings
| Altar of Storms | 1 | |
| Orc Burrow | 3 | |
| Barracks | 1 | |
| War Mill | 1 | |
| Stronghold | 1 | |
| Voodoo Lounge | 1 | |
| Watch Tower | 1 | |
9 total
» build order
00:05 Altar of Storms
00:09 Orc Burrow
00:15 Orc Burrow
00:31 Barracks
01:20 War Mill
02:22 Orc Burrow
03:10 Stronghold
03:22 Voodoo Lounge
04:53 Watch Tower
1st.Legion (
blue | 61 APM | 343 actions | 05:37)
1 Mountain King
1 Storm Bolt
» actions
| Assign group hotkey | 7 | |
| Basic commands | 12 | |
| Build / train | 24 | |
| Enter build submenu | 13 | |
| Enter hero's abilities submenu | 1 | |
| Remove unit from queue | 1 | |
| Right click | 127 | |
| Select / deselect | 103 | |
| Select group hotkey | 38 | |
| Use ability | 17 | |
343 total
» units
| Peasant | 8 | |
| Footman | 3 | |
| Rifleman | 3 | |
14 total
» buildings
| Altar of Kings | 1 | |
| Farm | 4 | |
| Scout Tower | 2 | |
| Barracks | 1 | |
| Arcane Tower | 5 | |
| Blacksmith | 1 | |
| Lumber Mill | 1 | |
| Arcane Vault | 1 | |
16 total
» build order
00:04 Altar of Kings
00:07 Farm
00:41 Scout Tower
01:00 Barracks
01:23 Arcane Tower
01:23 Arcane Tower
01:34 Farm
02:04 Blacksmith
03:35 Farm
04:10 Scout Tower
04:47 Arcane Tower
04:52 Lumber Mill
05:07 Farm
05:15 Arcane Vault

»
mblaze3 (
orange | 46 APM | 258 actions | 05:36)
1 Far Seer
1 Feral Spirit
» actions
| Build / train | 21 | |
| Enter build submenu | 11 | |
| Enter hero's abilities submenu | 1 | |
| Right click | 173 | |
| Select / deselect | 41 | |
| Use ability | 11 | |
258 total
» units
| Peon | 7 | |
| Grunt | 3 | |
| Troll Headhunter/Berserker | 3 | |
13 total
» upgrades
| Pillage | 1 | |
| Melee Weapons | 1 | |
| Ranged Weapons | 1 | |
| Armor | 1 | |
4 total
» buildings
| War Mill | 1 | |
| Altar of Storms | 1 | |
| Orc Burrow | 4 | |
| Voodoo Lounge | 1 | |
| Barracks | 1 | |
8 total
» build order
00:31 War Mill
00:41 Altar of Storms
00:49 Orc Burrow
01:08 Voodoo Lounge
02:05 Barracks
02:14 Orc Burrow
02:57 Orc Burrow
04:01 Orc Burrow
» items
| Lesser Clarity Potion | 1 | |
| Scroll of Speed | 1 | |
2 total
team 2 (loser)
bluntheadzbbt (
purple | 42 APM | 228 actions | 05:22)
1 Far Seer
1 Feral Spirit
» actions
| Build / train | 13 | |
| Enter build submenu | 12 | |
| Enter hero's abilities submenu | 1 | |
| Remove unit from queue | 2 | |
| Right click | 117 | |
| Select / deselect | 68 | |
| Use ability | 15 | |
228 total
» units
» buildings
| Orc Burrow | 2 | |
| War Mill | 1 | |
| Altar of Storms | 1 | |
| Watch Tower | 5 | |
| Stronghold | 1 | |
10 total
» build order
00:08 Orc Burrow
00:15 War Mill
00:52 Altar of Storms
01:46 Watch Tower
02:13 Watch Tower
03:49 Watch Tower
03:54 Stronghold
05:00 Watch Tower
05:02 Watch Tower
05:10 Orc Burrow

»
1245. (
green | 53 APM | 298 actions | 05:35)
1 Far Seer
1 Feral Spirit
» actions
| Assign group hotkey | 11 | |
| Build / train | 29 | |
| Enter build submenu | 9 | |
| Enter hero's abilities submenu | 1 | |
| Right click | 64 | |
| Select / deselect | 56 | |
| Select group hotkey | 115 | |
| Use ability | 13 | |
298 total
» units
» buildings
| Altar of Storms | 1 | |
| Orc Burrow | 4 | |
| Barracks | 1 | |
| Voodoo Lounge | 1 | |
| Stronghold | 1 | |
| Halls of the Dead | 1 | |
| War Mill | 1 | |
| Spirit Tower | 1 | |
| Ziggurat | 1 | |
12 total
» build order
00:07 Altar of Storms
00:22 Orc Burrow
00:55 Barracks
01:25 Orc Burrow
02:12 Orc Burrow
03:37 Voodoo Lounge
03:38 Stronghold
04:32 Halls of the Dead
04:50 Orc Burrow
04:55 War Mill
05:03 Spirit Tower
05:06 Ziggurat
BESTDAYEVER (
red | 34 APM | 189 actions | 05:29)
2 Keeper of the Grove
1 Force of Nature
1 Entangling Roots
» actions
| Basic commands | 13 | |
| Build / train | 19 | |
| Enter build submenu | 8 | |
| Enter hero's abilities submenu | 2 | |
| Right click | 33 | |
| Select / deselect | 101 | |
| Use ability | 13 | |
189 total
» units
» buildings
| Moon Well | 3 | |
| Altar of Elders | 1 | |
| Ancient of War | 2 | |
| Hunter's Hall | 1 | |
| Tree of Ages | 1 | |
| Tree of Life | 1 | |
9 total
» build order
00:20 Moon Well
00:34 Altar of Elders
01:16 Moon Well
01:45 Ancient of War
01:54 Ancient of War
02:11 Moon Well
03:45 Hunter's Hall
04:11 Tree of Ages
05:20 Tree of Life

»
GoLfSkI3 (
pink | 21 APM | 70 actions | 03:19)
1 Death Knight
1 Unholy Aura
» actions
| Assign group hotkey | 2 | |
| Build / train | 13 | |
| Enter build submenu | 6 | |
| Enter hero's abilities submenu | 1 | |
| Right click | 22 | |
| Select / deselect | 17 | |
| Select group hotkey | 2 | |
| Use ability | 7 | |
70 total
» units
| Acolyte | 2 | |
| Ghoul | 5 | |
| Crypt Fiend | 4 | |
11 total
» buildings
| Altar of Darkness | 1 | |
| Crypt | 1 | |
| Ziggurat | 3 | |
| Graveyard | 1 | |
| Tomb of Relics | 1 | |
7 total
» build order
00:32 Altar of Darkness
00:38 Crypt
00:41 Ziggurat
01:12 Graveyard
01:34 Ziggurat
01:35 Ziggurat
02:39 Tomb of Relics
Chat log
(00:22 / Allies) 1st.Legion: units?
(00:25 / Allies) Gen.Maximus: rush?
(00:30 / Allies) 1st.Legion: no, expo
(00:43 / Allies) Gen.Maximus: k
(02:14 / Allies) Gen.Maximus: units?
(02:26 / Allies) AnsO: foot to...
(02:28 / Allies) mblaze3: are we rushing
(02:39 / Allies) Gen.Maximus: we should
(02:46 / Allies) 1st.Legion: they towered
(02:46 / Allies) 1st.Legion: rush
(03:25 / All) 1st.Legion: sick towers
(03:27 / All) 1st.Legion: and hero rush
(05:25 / All) 1st.Legion: gg
(05:30 / All) 1st.Legion: leave dumbfuck rushers
(05:31 / All) 1st.Legion: this is an rts
(05:34 / All) 1st.Legion: obv out of your league